 Dungeon Crawl Stone Soup version 0.23.2-1-ga50397a (webtiles) character file.

Game seed: 459391923251487915

3644 poor the Grappler (level 10, -3/99 HPs)
             Began as an Octopode Berserker on June 2, 2019.
             Was an Elder of Trog.
             Killed from afar by an electric eel (15 damage)
             ... with a bolt of electricity
             ... in a bailey.
             The game lasted 00:13:03 (7083 turns).

poor the Grappler (Octopode Berserker)              Turns: 7083, Time: 00:13:04

Health: -3/99      AC:  5    Str: 22    XL:     10   Next: 12%
Magic:  10/10      EV: 17    Int: 10    God:    Trog [****..]
Gold:   313        SH:  4    Dex: 14    Spells: 9/9 levels left

rFire    + . .     SeeInvis .     - Unarmed
rCold    . . .     Gourm    .   (no shield)
rNeg     . . .     Faith    .   (helmet restricted)
rPois    .         Spirit   .   r - +4 amulet of reflection
rElec    .         Reflect  +   q - +2 ring of strength
rCorr    .         Harm     .   u - +4 ring of protection
MR       +++..     Rnd*Rage +   y - ring of protection from magic
Stlth    ..........             (no ring)
HPRegen  1.26/turn              (no ring)
MPRegen  0.12/turn              (no ring)
                                (no ring)
                                (no ring)

@: berserking, regenerating, very quick
A: almost no armour, stealthy swim, amphibious, 8 rings, constrict 8, camouflage
1, berserk 1, fire resistance 1, weak 1, gelatinous body 1
a: Berserk, Trog's Hand, Brothers in Arms, Renounce Religion


You were in a bailey.
You worshipped Trog.
Trog was greatly pleased with you.
You were very hungry.

You visited 1 branch of the dungeon, and saw 7 of its levels.
You also visited: Bailey.

You collected 313 gold pieces.

Inventory:

Hand Weapons
 x - a +3 scimitar
Missiles
 w - 5 javelins (quivered)
Jewellery
 q - a +2 ring of strength (left tentacle)
 r - a +4 amulet of reflection (around mantle)
 u - a +4 ring of protection (right tentacle)
 y - a ring of protection from magic (on tentacle)
Wands
 c - a wand of digging (8)
 s - a wand of iceblast (3)
Scrolls
 b - 3 scrolls of remove curse
 d - 2 scrolls of enchant weapon
 f - 4 scrolls of amnesia
 g - 2 scrolls of immolation
 j - a scroll of fear
Potions
 e - a potion of flight
 h - 4 potions of resistance
 l - a potion of heal wounds
 m - 2 potions of haste
 n - 2 potions of might
 o - 3 potions of brilliance
 p - a potion of invisibility {unknown}
 t - 4 potions of curing
 v - a potion of lignification {unknown}
 z - 2 potions of cancellation
Comestibles
 a - 15 rations
 C - 7 chunks of flesh


   Skills:
 + Level 5.0 Fighting
 + Level 7.1 Dodging
 - Level 7.7 Stealth
 + Level 11.0 Unarmed Combat


You had 9 spell levels left.
You didn't know any spells.
Your spell library was empty.

Dungeon Overview and Level Annotations

Branches:
Dungeon (7/15)
 Temple: D:4-7

Altars:
Dithmenos
Yredelemnul
Zin

Annotations:
D:4 1 runed translucent door, Magicfruit's ghost, amateur HuFi
D:5 exclusion: downstairs


Innate Abilities, Weirdness & Mutations

You cannot wear most types of armour.
You are very stealthy in the water. (Stealth+)
You are amphibious.
You can wear up to eight rings at the same time.
You can use your tentacles to constrict eight enemies at once.
Your skin changes colour to match your surroundings (Stealth+).
Your rubbery body absorbs attacks. (AC +1, EV +1)
You tend to lose your temper in combat.
Your flesh is heat resistant. (rF+)
You are weak. (Str -2)


Message History

You are feeling very hungry.
You constrict the electric eel.
The electric eel shoots out a bolt of lightning at you!
The bolt of electricity hits the electric eel.
The electric eel completely resists.
The bolt of electricity hits you!
The electric eel shoots out a bolt of lightning at you!
The bolt of electricity hits the electric eel.
The electric eel completely resists.
The bolt of electricity hits you!
The electric eel shoots out a bolt of lightning at you!
The bolt of electricity hits you!
* * * LOW HITPOINT WARNING * * *
You bludgeon the electric eel!
You kill the electric eel!
Trog accepts your kill.
The electric eel shoots out a bolt of lightning at you!
The bolt of electricity hits you!
* * * LOW HITPOINT WARNING * * *
The electric eel shoots out a bolt of lightning at you!
The bolt of electricity hits you!
You die...

#######
#≈≈≈≈≈≈≈≈#
.+..??
#≈≈≈≈≈≈≈≈#
#≈≈≈≈≈≈≈≈#
#+#≈≈≈≈≈≈≈≈#
#.≈≈≈≈≈≈≈≈≈#
#.≈≈≈≈≈≈≈≈≈#
#.≈≈≈≈≈≈≈≈≈#
#.≈≈≈≈≈≈≈≈≈#
#.≈≈≈≈≈@≈≈≈#
#.≈≈≈≈≈≈≈≈≈#
+.≈≈≈≈≈;≈≈≈#
#.≈≈≈≈≈≈≈≈≈#
#.≈≈≈≈≈≈;≈≈#
#.≈≈≈≈≈≈≈≈≈#
#.≈≈≈≈≈≈≈≈≈#
#.≈≈≈≈≈≈≈≈≈#


You could see 2 electric eels.

Vanquished Creatures
  Pikel (D:6)
  Prince Ribbit (D:5)
  Grinder (D:3)
  A hippogriff (D:7)
  Menkaure (D:5)
  Edmund (D:4)
  3 slaves (D:6)
  2 ice beasts (D:7)
  A sky beast (D:7)
  An ogre (D:6)
  2 centaurs (D:5)
  4 bullfrogs
  2 scorpions
  A water moccasin skeleton (D:7)
  5 wights (D:7)
  2 electric eels (Bailey)
  A howler monkey (D:6)
  2 crimson imps (D:5)
  4 bullfrog zombies (D:5)
  2 hounds
  3 centaur zombies (D:5)
  6 orc priests
  2 centaur skeletons (D:5)
  Terence (D:3)
  8 worker ants
  Ijyb (D:3)
  An orc wizard (D:6)
  A hound zombie (D:5)
  A hound skeleton (D:5)
  A howler monkey zombie (D:5)
  A gnoll (D:1)
  3 worker ant zombies
  11 adders
  2 oozes (D:5)
  5 adder skeletons
  2 adder zombies
  2 worms (D:2)
  5 leopard geckos
  17 orcs
  A ball python (D:4)
  9 bats
  5 giant cockroaches
  13 goblins
  7 hobgoblins
  8 jackals (D:3)
  A quokka (D:7)
  A ball python zombie (D:5)
  A frilled lizard (D:2)
  A giant cockroach zombie (D:5)
  3 jackal zombies (D:5)
  9 kobolds
  A leopard gecko zombie (D:5)
  A quokka skeleton (D:5)
  2 quokka zombies (D:5)
  12 rats
186 creatures vanquished.

Vanquished Creatures (others)
  4 withered plants
4 creatures vanquished.

Grand Total: 190 creatures vanquished

Notes
Turn   | Place    | Note
-------+----------+-------------------------------------------
     0 | D:1      | poor the Octopode Berserker began the quest for the Orb.
     0 | D:1      | Reached XP level 1. HP: 16/16 MP: 1/1
    19 | D:1      | Reached XP level 2. HP: 21/21 MP: 2/2
   448 | D:1      | Reached XP level 3. HP: 26/26 MP: 3/3
  1037 | D:2      | Found a faded altar of an unknown god.
  1078 | D:2      | Reached ** piety under Trog
  1693 | D:2      | Reached XP level 4. HP: 26/31 MP: 4/4
  2054 | D:2      | Reached skill level 1 in Stealth
  2054 | D:2      | Reached skill level 4 in Unarmed Combat
  2464 | D:3      | Noticed Grinder
  2479 | D:3      | Killed Grinder
  2479 | D:3      | Reached skill level 5 in Unarmed Combat
  2479 | D:3      | Reached XP level 5. HP: 37/37 MP: 5/5
  2479 | D:3      | Reached XP level 6. HP: 43/43 MP: 6/6
  2782 | D:3      | Noticed Terence
  2790 | D:3      | Killed Terence
  3376 | D:3      | Reached XP level 7. HP: 46/47 MP: 7/7
  3405 | D:3      | Noticed Ijyb
  3416 | D:3      | Killed Ijyb
  3416 | D:3      | Reached *** piety under Trog
  3768 | D:4      | Reached skill level 6 in Unarmed Combat
  4044 | D:4      | Noticed Edmund
  4053 | D:4      | Killed Edmund
  4053 | D:4      | Reached skill level 5 in Stealth
  4311 | D:4      | Found a shadowy altar of Dithmenos.
  4745 | D:4      | Found a runed translucent door.
  4745 | D:4      | Noticed Magicfruit's ghost (amateur HuFi)
  5095 | D:5      | Entered Level 5 of the Dungeon
  5120 | D:5      | Noticed Menkaure
  5136 | D:5      | Killed Menkaure
  5136 | D:5      | Reached skill level 7 in Unarmed Combat
  5136 | D:5      | Reached XP level 8. HP: 54/54 MP: 8/8
  5224 | D:5      | Noticed Prince Ribbit
  5233 | D:5      | Killed Prince Ribbit
  5286 | D:5      | Reached skill level 5 in Dodging
  5591 | D:5      | Reached skill level 8 in Unarmed Combat
  5791 | D:5      | Reached XP level 9. HP: 33/59 MP: 9/9
  5993 | D:5      | Reached **** piety under Trog
  6229 | D:6      | Reached skill level 9 in Unarmed Combat
  6356 | D:6      | Noticed Pikel
  6369 | D:6      | Killed Pikel
  6369 | D:6      | Reached skill level 10 in Unarmed Combat
  6411 | D:6      | Found a glowing silver altar of Zin.
  6488 | D:6      | Found a basalt altar of Yredelemnul.
  6868 | D:7      | Reached XP level 10. HP: 65/65 MP: 10/10
  6942 | D:7      | Reached skill level 5 in Fighting
  6968 | D:7      | Gained mutation: You are weak. (Str -2) [potion of
                  | mutation]
  6968 | D:7      | Gained mutation: You tend to lose your temper in combat.
                  | [potion of mutation]
  6968 | D:7      | Gained mutation: Your flesh is heat resistant. (rF+)
                  | [potion of mutation]
  6978 | D:7      | Found a flagged portal.
  6995 | Bailey   | Entered a bailey
  7004 | Bailey   | Reached skill level 11 in Unarmed Combat
  7083 | Bailey   | Killed from afar by an electric eel

Skill      XL: |  1  2  3  4  5  6  7  8  9 10 |
---------------+-------------------------------+-----
Stealth        | 3 4 6 7 |  7.7
Unarmed Combat | 5 7 8 10 11 | 11.0
Dodging        | 4 5 6 7 |  7.1
Fighting       | 4 5 |  5.0

Action                   |  1- 3 |  4- 6 |  7- 9 | 10-12 || total
-------------------------+-------+-------+-------+-------++-------
Melee: Unarmed           |    82 |    80 |   229 |    26 ||   417
       Constrict         |    23 |    22 |    55 |     2 ||   102
       Tentacles         |     8 |    17 |    57 |     4 ||    86
       Punch             |     4 |     5 |    16 |     1 ||    26
Invok: Berserk           |     1 |     2 |     8 |     1 ||    12
       Trog's Hand       |       |       |     6 |     1 ||     7
  Use: Scroll            |       |       |    15 |     4 ||    19
       Potion            |       |       |       |     1 ||     1
 Stab: Sleeping          |     4 |     7 |     7 |     6 ||    24
       Distracted        |       |       |     2 |       ||     2
  Eat: Chunk             |     3 |     7 |    18 |     1 ||    29
       Ration            |       |       |     1 |       ||     1
Armor: Skin              |     7 |     4 |    32 |     3 ||    46
Dodge: Dodged            |    56 |    44 |   170 |     6 ||   276
Block: Other             |       |       |    36 |     1 ||    37
       Reflection        |       |       |     3 |       ||     3
